 Dungeon Crawl Stone Soup version 0.30-a0-782-ge64f9170bb (webtiles) character file.

Game seed: 383877845173711058

380 Dirtsage the Chopper (level 6, -3/47 HPs)
             Began as a Demonspawn Fighter on Mar 9, 2023.
             Slain by an orc
             ... wielding a +0 trident
              (4 damage)
             ... on level 4 of the Dungeon.
             The game lasted 00:04:20 (2557 turns).

Dirtsage the Chopper (Demonspawn Fighter)           Turns: 2557, Time: 00:04:20

Health: -3/47      AC: 11    Str: 18    XL:     6   Next: 46%
Magic:  6/6        EV:  9    Int:  9    God:
Gold:   124        SH:  8    Dex: 13    Spells: 5/5 levels left

rFire   . . .      SeeInvis .    a - +0 war axe
rCold   . . .      Faith    .    c - +0 buckler
rNeg    . . .      Spirit   .    b - +0 scale mail
rPois   .          Reflect  .    (no helmet)
rElec   .          Harm     .    (no cloak)
rCorr   .          Rampage  .    o - +0 pair of gloves
Will    .....                    (no boots) Stlth
                                 (no amulet)
HPRegen 0.27/turn                (no ring)
MPRegen 0.10/turn                (no ring)

@: no status effects
A: hooves 1, foul stench 1, icemail 1, condensation shield
a: no special abilities


You were on level 4 of the Dungeon.
You visited 1 branch of the dungeon, and saw 4 of its levels.

You collected 124 gold pieces.

Inventory:

Hand Weapons
 a - a +0 war axe (weapon)
Armour
 b - a +0 scale mail (worn)
 c - a +0 buckler (worn)
 g - a +0 kite shield
 o - a +0 pair of gloves (worn)
Jewellery
 s - a ring of fire
Scrolls
 e - a scroll of enchant armour {unknown}
 f - 3 scrolls of immolation {unknown}
 i - 2 scrolls of identify {unknown}
 k - 2 scrolls of amnesia {unknown}
 n - 4 scrolls of vulnerability {unknown}
 p - a scroll of blinking {unknown}
 u - 2 scrolls of teleportation {unknown}
 v - a scroll of noise {unknown}
Potions
 d - a potion of might
 h - 2 potions of curing {unknown}
 j - a potion of degeneration {unknown}
 l - a potion of heal wounds
 m - a potion of brilliance {unknown}
 q - a potion of flight {unknown}
 r - a potion of haste {unknown}
 t - a potion of lignification {unknown}


   Skills:
 - Level 3.0 Fighting
 + Level 6.3 Axes
 - Level 2.6 Armour
 - Level 2.6 Shields


You had 5 spell levels left.
You didn't know any spells.
Your spell library contained the following spells:

 Spells                   Type           Power      Damage    Failure   Level
 Apportation              Tloc           0%         N/A       86%         1
 Beastly Appendage        Tmut           0%         N/A       86%         1
 Freeze                   Ice            0%         1d3       86%         1
 Necrotise                Necr           0%         1d4       86%         1
 Summon Small Mammal      Summ           0%         N/A       86%         1
 Wereblood                Tmut           0%         N/A       95%         2
 Frozen Ramparts          Ice            0%         1d1       99%         3
 Hailstorm                Conj/Ice       0%         3d3       99%         3
 Spider Form              Tmut/Pois      0%         N/A       99%         3
 Summon Lightning Spire   Summ/Air       0%         N/A       100%        4
 Storm Form               Tmut/Air       0%         N/A       100%        7
 Maxwell's Capacitive Co  Air            0%         ∞         100%        8


Dungeon Overview and Level Annotations

Branches:
Dungeon (4/15)             Temple (0/1) D:4

Altars:
Cheibriados


Innate Abilities, Weirdness & Mutations

You have large cloven feet.
You may rarely emit foul miasma when damaged in melee.
A meltable icy envelope protects you from harm. (AC +4)
A meltable shield of frost defends you. (SH +4)


Message History

Something completely misses you.
You hit something but do no damage. Your kick misses something.
The orc hits you from afar with a +0 trident.
Something hits you but does no damage. x2; The orc hits you but does no damage.
You take 6 damage, and have 15/47 hp.
You closely miss something. You block the orc's attack.
You block something's attack.
You miss something. You block the orc's attack. Something hits you.
* * * LOW HITPOINT WARNING * * *
You take 2 damage, and have 13/47 hp.
You hit something but do no damage. You kick something.
You block the orc's attack.
You hear some strange, mumbled words.
A magic dart appears from out of thin air!
The magic dart hits you.
* * * LOW HITPOINT WARNING * * *
You take 5 damage, and have 8/47 hp.
You closely miss something. Your kick misses something.
You block the orc's attack. Something hits you but does no damage.
Something hits you.
* * * LOW HITPOINT WARNING * * *
You block the orc's attack.
You take 2 damage, and have 6/47 hp.
You barely miss something. You kick something. You block the orc's attack.
Something hits you but does no damage.
You barely miss something. Your kick misses something.
You block the orc's attack. Something hits you but does no damage.
You miss something. You block the orc's attack.
Something hits you but does no damage.
You miss something. Your kick misses something.
The orc hits you from afar with a +0 trident.
* * * LOW HITPOINT WARNING * * *
Something hits you but does no damage.
You take 5 damage, and have 2/47 hp.
You miss something. You kick something.
The orc hits you from afar with a +0 trident.
* * * LOW HITPOINT WARNING * * *
Something hits you but does no damage. x2
The orc hits you from afar with a +0 trident.
You die...

#...# ......##
#...##.#.#... .
#...#..#.### ..
###'#.##...###...
#..<..#........#.#
#....##..>..##...#
#..#........#....#
#....###...##....
........ ###@# ...
.##....#...#{# . .
#...##...oo. #...
#....#.. ....
#..#....# ##...
#..##...# .. ..#
#. ..#


You could see 2 orcs.

Vanquished Creatures
  Sigmund (D:2)
  A scorpion (D:4)
  An iron imp (D:3)
  Jessica (D:2)
  3 adders
  A worm (D:2)
  A dart slug (D:1)
  10 orcs
  8 bats
  7 endoplasms
  2 giant cockroaches
  8 goblins
  10 hobgoblins
  4 jackals (D:3)
  4 kobolds
  3 quokkas
  4 ball pythons
  A frilled lizard (D:1)
  6 rats
76 creatures vanquished.

Vanquished Creatures (others)
  7 plants (D:2)
  11 withered plants (D:2)
18 creatures vanquished.

Grand Total: 94 creatures vanquished

Notes
Turn   | Place    | Note
-------+----------+-------------------------------------------
     0 | D:1      | Dirtsage the Demonspawn Fighter began the quest for the
                  | Orb.
     0 | D:1      | Reached XP level 1. HP: 18/18 MP: 1/1
    61 | D:1      | Reached skill level 2 in Axes
   142 | D:1      | Gained mutation: A meltable shield of frost defends you.
                  | (SH +4) [demonic ancestry]
   142 | D:1      | Reached XP level 2. HP: 23/24 MP: 2/2
   266 | D:1      | Reached skill level 3 in Axes
   594 | D:2      | Reached XP level 3. HP: 29/29 MP: 3/3
   812 | D:2      | Noticed Sigmund
   822 | D:2      | Killed Sigmund
   823 | D:2      | Reached skill level 5 in Axes
   823 | D:2      | Gained mutation: A meltable icy envelope protects you from
                  | harm. (AC +4) [demonic ancestry]
   823 | D:2      | Reached XP level 4. HP: 12/35 MP: 4/4
   823 | D:2      | Gained mutation: You have large cloven feet. [demonic
                  | ancestry]
   823 | D:2      | Reached XP level 5. HP: 14/41 MP: 5/5
  1203 | D:2      | Noticed Jessica
  1208 | D:2      | Killed Jessica
  1219 | D:2      | Found a faded altar of an unknown god.
  1715 | D:3      | Gained mutation: You may rarely emit foul miasma when
                  | damaged in melee. [demonic ancestry]
  1715 | D:3      | Reached XP level 6. HP: 47/47 MP: 6/6
  2067 | D:3      | Found a snail-covered altar of Cheibriados.
  2077 | D:3      | Reached skill level 6 in Axes
  2513 | D:4      | Found a staircase to the Ecumenical Temple.
  2556 | D:4      | HP: 2/47 [orc/+0 trident (6)]
  2557 | D:4      | Slain by an orc

Illustrated notes

Levels and vault maps discovered:
D:1:      minmay_arrival_doors, layout_basic, st_stairs_7,
          minmay_misc_feat_five, minmay_misc_feat_diagonals
D:2:      layout_basic, shapermc_ecumenical_altar_flowoftime, st_stairs_14,
          uniq_sigmund, uniq_jessica
D:3:      layout_basic, slow_altar_1
D:4:      layout_gridville, mainiacjoe_overflow_surrounded_room,
          jmf_multi_god_temple, minmay_temple_entry_slanted

Skill      XL: |  1  2  3  4  5  6 |
---------------+-------------------+-----
Axes           | 2 3 5 6 |  6.3
Fighting       | |  3.0
Armour         | |  2.6
Shields        | |  2.6

Action                     |  1- 3 |  4- 6 || total
---------------------------+-------+-------++-------
  Melee: War axe           |    64 |   150 ||   214
         Kick              |       |    30 ||    30
    Use: Potion            |     1 |       ||     1
 Armour: Scale mail        |    24 |    77 ||   101
  Dodge: Dodged            |    19 |    49 ||    68
  Block: Buckler           |    27 |    68 ||    95

Table legend: (Time is in decaauts)
 A = Elapsed time spent in this place.
 B = Non-inter-level travel time spent in this place.
 C = Inter-level travel time spent in this place.
 D = Time resting spent in this place.
 E = Time spent auto-exploring this place.
 F = Levels seen in this place.
 G = Mean time per level.
                   A        B        C        D        E       F      G
               +--------+--------+--------+--------+--------+-----+--------+
         Total |   2618 |   2548 |     70 |      0 |   2054 |   4 |  654.5 |
       Dungeon |   2618 |   2548 |     70 |      0 |   2054 |   4 |  654.5 |
               +--------+--------+--------+--------+--------+-----+--------+

Top non-repeatable levels by time:
     D:3: 1026 daAuts
     D:2: 931 daAuts
     D:1: 609 daAuts
     D:4: 50 daAuts
